 Seeded DCSS version 0.30-a0-870-gc5d4c5acee (webtiles) character file.

Game seed: 5938655520602266916 (custom seed)

343 BigDaddyOpFi the Covered (level 6, -6/55 HPs)
             Began as an Armataur Fighter on Mar 12, 2023.
             Mangled by Duvessa
             ... wielding a +1 rapier of speed
              (10 damage)
             ... on level 3 of the Dungeon.
             The game lasted 00:03:10 (2460 turns).

BigDaddyOpFi the Covered (Armataur Fighter)         Turns: 2460, Time: 00:03:11

Health: -6/55      AC:  8    Str: 21 (23) XL:     6   Next: 31%
Magic:  6/6        EV: 10    Int:  2 (8)  God:
Gold:   216        SH:  0    Dex:  6 (10) Spells: 5/5 levels left

rFire   x . .      SeeInvis .    h - +7 Throatcutter {drain, coup de grace}
rCold   + . .      Faith    .    n - +3 buckler
rNeg    . . .      Spirit   .    q - +0 chain mail
rPois   .          Reflect  .    (no helmet)
rElec   .          Roll     +    (no cloak)
rCorr   .                        (no gloves)
Will    .....                    (no barding) Stlth
                                 (no amulet)
HPRegen 0.29/turn                k - +5 ring of evasion
MPRegen 0.10/turn                t - ring of ice

@: confused, mighty, brilliant, ambrosia-drunk
A: large, rugged brown scales 3, deformed body, armoured tail, roll, long
tongue, awkward tongue
a: no special abilities


You were on level 3 of the Dungeon.
You visited 1 branch of the dungeon, and saw 4 of its levels.
You also visited: Sewer.

You collected 216 gold pieces.

Inventory:

Hand Weapons
 a - a +0 long sword of chaos
 h - the +7 Throatcutter (weapon) {drain, coup de grace}
   (You took it off Terence on level 2 of the Dungeon)
Missiles
 e - a throwing net (quivered)
Armour
 n - a +3 buckler (worn)
 q - a +0 chain mail (worn)
Jewellery
 k - a +5 ring of evasion (left hand)
 t - a ring of ice (right hand)
Wands
 d - a wand of roots (4)
 m - a wand of mindburst (19)
Scrolls
 i - a scroll of fog
 l - a scroll of teleportation
 p - a scroll of identify {unknown}
 s - a scroll of fear {unknown}
Potions
 c - a potion of curing {unknown}
 f - a potion of degeneration
 g - a potion of brilliance
 o - a potion of heal wounds {unknown}
 r - a potion of haste {unknown}
 u - a potion of flight {unknown}


   Skills:
 + Level 4.0 Fighting
 + Level 3.3 Long Blades
 + Level 5.3 Armour
 + Level 4.8 Shields


You had 5 spell levels left.
You didn't know any spells.
Your spell library was empty.

Dungeon Overview and Level Annotations

Branches:
Dungeon (4/15)              Sewer (visited)
 Temple: D:4-7

Altars:
Uskayaw

Shops:
D:2 ?

Annotations:
D:3 Dowan, Duvessa


Innate Abilities, Weirdness & Mutations

You are completely covered in rugged brown scales. (AC +3, +7% HP)
Armour fits poorly on your strangely shaped body.
You have a long armoured tail.
You roll when moving toward enemies. (Rampage)
Your long tongue fully drains potion bottles. (2x potion effects)
Your tongue gives you trouble enunciating. (1.5x scroll delay)


Message History

Duvessa is lightly wounded.
Dowan hits you but does no damage. The endoplasm freezes you.
You are frozen.
You resist. Duvessa barely misses you.
You hit Duvessa but do no damage.
Duvessa is lightly wounded.
You block Duvessa's attack. The endoplasm freezes you.
You are frozen.
You resist. Dowan closely misses you. You block Duvessa's attack.
You slice Duvessa!! You drain Duvessa.
Duvessa is severely wounded.
Dowan hits you but does no damage. The endoplasm misses you.
Duvessa hits you with a +1 rapier of speed!
* * * LOW HITPOINT WARNING * * *
You block Duvessa's attack.
The endoplasm hits you but does no damage.
Dowan gestures at you while chanting. You resist with some effort.
Unknown command.
You slash Duvessa!
Duvessa is almost dead.
Duvessa hits you with a +1 rapier of speed!
* * * LOW HITPOINT WARNING * * *
The endoplasm misses you. Dowan hits you but does no damage.
Duvessa misses you.
Unknown command.
You slurp down every last drop of the potion of ambrosia!
You are confused.
You feel invigorated.
Duvessa says, "Where magic fails, the sword succeeds!"
Duvessa hits you with a +1 rapier of speed.
* * * LOW HITPOINT WARNING * * *
The endoplasm jiggles.
The endoplasm barely misses you.
Dowan says, "Magic and the sword, together, will defeat you."
Dowan casts a spell at you. You resist with some effort.
Duvessa hits you with a +1 rapier of speed!
You die...

...........#
#....###............
...........###....#
#.....#######
.............#....# #.....#
.............#....###...).#
......###....#........))..#
......# #....#............#
......# #....#.........####
......###....#...e.....#
.............#.e@......#
########.....#.>J.....)# #
#.........+.........# #
#.###.....#.........# #
#.....############### #
####### # # #


You could see Duvessa (drained), Dowan and an endoplasm.

Vanquished Creatures
  2 kobold brigands (Sewer)
  A hound (D:3)
  Terence (D:2)
  3 gnolls (D:3)
  A river rat (Sewer)
  7 adders
  2 worms
  2 orcs (D:3)
  3 bats
  An endoplasm (D:2)
  4 goblins
  A hobgoblin (D:3)
  3 jackals (Sewer)
  6 ball pythons
  4 frilled lizards
  8 kobolds
  8 rats
57 creatures vanquished.

Vanquished Creatures (others)
  5 plants (Sewer)
5 creatures vanquished.

Grand Total: 62 creatures vanquished

Notes
Turn   | Place    | Note
-------+----------+-------------------------------------------
     0 | D:1      | BigDaddyOpFi the Armataur Fighter began the quest for the
                  | Orb.
     0 | D:1      | Reached XP level 1. HP: 19/19 MP: 1/1
   214 | D:1      | Reached XP level 2. HP: 26/26 MP: 2/2
   739 | D:2      | Found Pegocsel's Magic Scroll Shop.
   753 | D:2      | Reached skill level 4 in Armour
   950 | D:2      | Found a hide-covered altar of Uskayaw.
   950 | D:2      | Noticed Terence
   955 | D:2      | Killed Terence
   956 | D:2      | Reached XP level 3. HP: 14/33 MP: 3/3
  1404 | D:3      | Reached XP level 4. HP: 38/40 MP: 4/4
  1556 | D:3      | Found a glowing drain.
  1587 | Sewer    | Entered a sewer
  1600 | Sewer    | Noticed a kobold brigand
  1609 | Sewer    | Killed a kobold brigand
  1610 | Sewer    | Reached XP level 5. HP: 38/48 MP: 5/5
  1707 | Sewer    | Reached skill level 5 in Armour
  1707 | Sewer    | Reached XP level 6. HP: 55/55 MP: 6/6
  2224 | D:3      | Found a faded altar of an unknown god.
  2441 | D:4      | Noticed Duvessa
  2441 | D:4      | Noticed Dowan
  2460 | D:3      | Mangled by Duvessa

Illustrated notes

Levels and vault maps discovered:
D:1:      saegor_arrival_simple_c, layout_basic, chequers_serial_rivers_small_3
D:2:      layout_basic, basic_altar, serial_shops, shop, uniq_terence
D:3:      layout_basic, portal_sewer_entry_a,
          shapermc_ecumenical_altar_mp_highgroup
D:4:      layout_basic, corexii_shack, minivault_5, minmay_gold_behind_fungi,
          uniq_duvessa, uniq_natasha, uniq_robin

Skill      XL: |  1  2  3  4  5  6 |
---------------+-------------------+-----
Long Blades    | 2 3 |  3.3
Armour         | 4 5 |  5.3
Fighting       | 3 4 |  4.0
Shields        | 4 |  4.8

Action                     |  1- 3 |  4- 6 || total
---------------------------+-------+-------++-------
  Melee: Long sword        |    70 |    92 ||   162
         Tailslap          |     6 |     4 ||    10
    Use: Scroll            |     7 |       ||     7
         Potion            |     1 |     5 ||     6
 Armour: Scale mail        |    31 |     3 ||    34
         Chain mail        |       |    38 ||    38
  Dodge: Dodged            |    31 |    46 ||    77
  Block: Buckler           |    13 |    51 ||    64

Table legend: (Time is in decaauts)
 A = Elapsed time spent in this place.
 B = Non-inter-level travel time spent in this place.
 C = Inter-level travel time spent in this place.
 D = Time resting spent in this place.
 E = Time spent auto-exploring this place.
 F = Levels seen in this place.
 G = Mean time per level.
                   A        B        C        D        E       F      G
               +--------+--------+--------+--------+--------+-----+--------+
         Total |   2510 |   2467 |     43 |    194 |   1771 |   5 |  502.0 |
       Dungeon |   2004 |   1961 |     43 |    194 |   1403 |   4 |  501.0 |
         Sewer |    505 |    505 |      0 |      0 |    368 |   1 |  505.0 |
               +--------+--------+--------+--------+--------+-----+--------+

Top non-repeatable levels by time:
     D:2: 713 daAuts
     D:3: 665 daAuts
     D:1: 621 daAuts
   Sewer: 505 daAuts
     D:4: 4 daAuts
